 Dungeon Crawl Stone Soup version 0.30.1-11-g7821555f0a (webtiles) character file.

Game seed: 198159518253855033

105002 SacredBeard the Severer (level 15, -3/149 HPs)
             Began as a Minotaur Berserker on Nov 5, 2023.
             Was a High Priest of Trog.
             Slain by a sun demon (15 damage)
             ... summoned by an orc sorcerer
             ... on level 2 of the Orcish Mines.
             The game lasted 01:16:20 (24758 turns).

SacredBeard the Severer (Minotaur Berserker)       Turns: 24758, Time: 01:16:21

Health: -3/149     AC: 27    Str: 36    XL:     15   Next: 93%
Magic:  14/14      EV: 12    Int:  4    God:    Trog [*****.]
Gold:   2792       SH: 11    Dex:  8    Spells: 14/14 levels left

rFire   . . .        O - +6 broad axe (flame)
rCold   . . .        o - +0 buckler
rNeg    . . .        N - +8 chain mail "Meqahit" {+Blink Str+7}
rPois   .            Q - +0 hat {Will+}
rElec   .            (no cloak)
rCorr   .            p - +0 pair of gloves
SInv    .            u - +0 pair of boots
Will    ++++.        b - amulet of reflection
Stlth   x              - +4 ring of protection
HPRegen 1.44/turn    Z - +4 ring of slaying
MPRegen 0.14/turn

%: reflection
@: lethally poisoned (-3 -> -24), marked, strong-willed, regenerating
A: horns 2, retaliatory headbutt, clumsy 1, subdued magic 1
a: Renounce Religion, Evoke Blink, Berserk, Trog's Hand, Brothers in Arms


You were on level 2 of the Orcish Mines.
You worshipped Trog.
Trog was extremely pleased with you.
You visited 3 branches of the dungeon, and saw 22 of its levels.

You collected 2792 gold pieces.

Inventory:

Hand Weapons
 y - a +3 whip of electrocution
 O - a +6 broad axe of flaming (weapon)
 R - a +6 broad axe of protection
Missiles
 f - 66 poisoned darts (quivered)
 K - 2 throwing nets
 P - 6 atropa-tipped darts
 S - 4 curare-tipped darts
 U - 3 boomerangs
Armour
 o - a +0 buckler (worn)
 p - a +0 pair of gloves (worn)
 u - a +0 pair of boots (worn)
 N - the +8 chain mail "Meqahit" (worn) {+Blink Str+7}
   (You found it on level 9 of the Dungeon)

   Str:       It affects your strength (+7).
   +Blink:    It lets you blink.
 Q - a +0 hat of willpower (worn)
 T - the +7 chain mail of the Equator {rF+ Will+}
   (You found it on level 3 of the Lair of Beasts)

   rF:        It protects you from fire.
   Will:      It increases your willpower.
 W - a +2 plate armour of poison resistance
Jewellery
 b - an amulet of reflection (around neck)
 x - a +4 ring of protection (left hand)
 G - a ring of flight
 Z - a +4 ring of slaying (right hand)
Wands
 z - a wand of acid (11)
 D - a wand of roots (14)
 E - a wand of charming (2)
 F - a wand of flame (15)
 I - a wand of digging (12)
 M - a wand of polymorph (13)
Scrolls
 g - a scroll of silence
 h - a scroll of magic mapping
 j - 10 scrolls of teleportation
 k - 4 scrolls of enchant weapon
 m - 5 scrolls of poison
 n - 4 scrolls of enchant armour
 r - 5 scrolls of immolation
 A - a scroll of fog
 B - 2 scrolls of fear
 J - 2 scrolls of vulnerability
 L - 5 scrolls of noise
 X - a scroll of summoning
 Y - a scroll of torment
Potions
 a - a potion of resistance
 c - a potion of cancellation
 d - 7 potions of curing
 e - 8 potions of heal wounds
 i - 2 potions of magic
 l - 4 potions of lignification
 q - 4 potions of berserk rage
 s - 4 potions of attraction
 t - 2 potions of mutation
 v - 6 potions of flight
 w - 4 potions of degeneration
 C - 3 potions of invisibility
 H - 2 potions of ambrosia
 V - 2 potions of haste


   Skills:
 + Level 18.0 Fighting
 * Level 19.9 Axes
 - Level 6.0 Throwing
 - Level 11.0 Armour
 - Level 10.0 Dodging
 - Level 11.0 Shields
 - Level 8.0 Evocations


You had 14 spell levels left.
You didn't know any spells.
Your spell library was empty.

Dungeon Overview and Level Annotations

Branches:
Dungeon (15/15) Zot: 24844  Temple (0/1) D:4            Lair (5/5) D:10 Zot: 25435
  Swamp (0/4) Lair:3       Spider (0/4) Lair:2        Slime (0/5) Lair:4
    Orc (2/2) D:12 Zot: 10924  Vaults (0/5) D:14         Depths (0/4) D:15
    Elf: Orc:2

Altars:
Dithmenos
Elyvilon
Fedhas
Kikubaaqudgha
Okawaru
Trog
Uskayaw
Zin
Jiyva

Shops:
D:2 [   D:5 :   D:6 **   D:11 :   D:15 [(

Annotations:
D:7 1 runed translucent door


Innate Abilities, Weirdness & Mutations

You have a pair of horns on your head.
You reflexively headbutt those who attack you in melee.
You are clumsy. (Dex -2)
Your spells are a little easier to cast, but a little less powerful.


Message History

An orc warrior comes into view. It is wielding a +0 halberd.
You feel extremely sick.
The sun demon hits you but does no damage.
The orange demon stings you but does no damage.
The troll bites you. The troll completely misses you.
The troll claws you but does no damage.
The orc priest hits you but does no damage.
The orc sorcerer hits you but does no damage.
The orange demon stings you from afar.
You are lethally poisoned!
The orange demon poisons you!
An orc knight comes into view. It is wielding a +3 heavy great sword.
The orc sorcerer hits you but does no damage.
The orc warrior hits you but does no damage.
You can move again.
Your skin crawls.
You feel strong-willed.
You feel extremely sick. The sun demon hits you!
* * * LOW HITPOINT WARNING * * *
You are engulfed in flames!!
* * * LOW HITPOINT WARNING * * *
You block the orange demon's attack. The troll bites you but does no damage.
The troll barely misses you. The troll claws you.
* * * LOW HITPOINT WARNING * * *
The orc wizard mumbles some strange words.
The orc wizard flickers and vanishes!
Deactivating autopickup; reactivate with Ctrl-A.
The orc sorcerer hits you but does no damage.
You block the orange demon's attack.
The orc sorcerer hits you but does no damage.
You block the orc warrior's attack.
An orc warrior comes into view. It is wielding a +0 scimitar.
You feel much better.
* * * LOW HITPOINT WARNING * * *
You feel extremely sick. The sun demon hits you!
* * * LOW HITPOINT WARNING * * *
You are engulfed in flames!
You die...

#.. ......'o #.. .....'
#... ...o. #.... ...o
#....###..# ......#.4{#
#.# ..... ......).o.#
#........ ........@o#
#.#......
.......To3###.........
.......4oo4##.#......##
.........ooo#.........##
..#####.....oo.........#.
. ##....'.........##.
........#[........#.#
.......##............
.......##.....)......#


You could see an orc knight, a sun demon (summoned), 2 orange demons, a troll, a
chaos spawn (summoned), 2 orc sorcerers, 7 orc warriors, an orc priest and an
orc.

Vanquished Creatures
  Jorgrun (D:12)
  Gastronok (D:9)
  Kirke (D:11)
  Frances (D:14)
  2 orc warlords (Orc:2)
  2 stone giants (D:10)
  Nessos (D:14)
  Snorg (D:11)
  Josephine (D:13)
  Fannar (Lair:2)
  2 ice dragons (D:15)
  4 hydras
  9 boulder beetles
  6 centaur warriors
  An ogre mage (D:15)
  3 tengu warriors (D:14)
  9 two-headed ogres
  Urug (D:14)
  2 orc high priests
  4 skysharks
  Sonja (Lair:5)
  7 skeletal warriors
  Amaemon (D:9)
  A swamp dragon (Lair:5)
  2 bog bodies (Lair:3)
  4 orc knights
  2 deep elf pyromancers
  A harpy (D:10)
  A manticore (D:10)
  6 cyclopes
  5 orc sorcerers
  A black mamba (Lair:3)
  11 ugly things
  18 elephants
  Maurice (D:11)
  2 torpor snails (Lair:3)
  A gargoyle (D:10)
  2 molten gargoyles (D:14)
  An orange demon (D:9)
  6 cane toads
  Maggie (D:10)
  4 rime drakes
  A kobold demonologist (D:10)
  An unseen horror (D:12)
  6 komodo dragons
  A freezing wraith (D:15)
  2 tengu conjurers
  6 meliai
  7 trolls
  5 polar bears
  A meliai (shapeshifter) (D:14)
  Grinder (D:5)
  9 blink frogs
  7 hornets
  2 dream sheep (Lair:5)
  A vampire (D:10)
  14 spriggans (Lair:5)
  9 slime creatures
  46 yaks
  A centaur simulacrum (D:14)
  3 shadows
  8 wyverns
  7 wraiths
  16 humans
  Grum (D:11)
  A steam dragon (D:6)
  7 vampire mosquitoes
  3 basilisks
  12 wargs
  11 water moccasins
  21 orc warriors
  An ice beast (D:6)
  6 black bears
  34 wolves
  3 boggarts (Lair:5)
  4 ogres
  18 centaurs
  4 kobold brigands
  2 phantoms
  10 bullfrogs
  Blork the orc (D:4)
  A gnoll sergeant (D:9)
  4 scorpions
  16 wights
  7 killer bees
  A howler monkey (D:7)
  5 lava snakes (D:14)
  2 hounds
  8 orc priests
  7 jellies
  2 gnoll boudas
  3 iguanas
  A sleepcap (D:5)
  15 orc wizards
  7 hell rats (Lair:5)
  12 adders
  13 gnolls
  A river rat (D:3)
  2 worms (D:6)
  3 dart slugs
  51 orcs
  5 ball pythons
  4 endoplasms
  4 giant cockroaches
  13 goblins
  11 hobgoblins
  11 jackals
  28 kobolds
  2 quokkas
  9 bats
  6 frilled lizards
  11 rats
690 creatures vanquished.

Vanquished Creatures (others)
  A howler monkey (D:12)
  An orc (Orc:2)
  A kobold (D:11)
3 creatures vanquished.

Grand Total: 693 creatures vanquished

Notes
Turn   | Place    | Note
-------+----------+-------------------------------------------
     0 | D:1      | SacredBeard the Minotaur Berserker began the quest for the
                  | Orb.
     0 | D:1      | Reached XP level 1. HP: 19/19 MP: 0/0
   172 | D:1      | Reached XP level 2. HP: 26/27 MP: 1/1
   592 | D:1      | Reached ** piety under Trog
   593 | D:1      | Reached XP level 3. HP: 32/33 MP: 2/2
   675 | D:2      | Reached skill level 4 in Axes
   909 | D:2      | Reached skill level 1 in Throwing
   918 | D:2      | Reached XP level 4. HP: 41/41 MP: 3/3
  1281 | D:2      | Found a faded altar of an unknown god.
  1309 | D:2      | Found Qabeafib's Armour Shoppe.
  1972 | D:3      | Reached skill level 5 in Fighting
  2179 | D:3      | Reached skill level 1 in Shields
  2179 | D:3      | Reached XP level 5. HP: 35/48 MP: 4/4
  2276 | D:3      | Found a glowing drain.
  2420 | D:3      | Found a white marble altar of Elyvilon.
  2543 | D:3      | Reached *** piety under Trog
  2958 | D:4      | Noticed a phantom
  2982 | D:4      | Killed a phantom
  2983 | D:4      | Reached skill level 5 in Axes
  2983 | D:4      | Reached XP level 6. HP: 47/56 MP: 5/5
  3199 | D:4      | Noticed Blork the orc
  3212 | D:4      | Killed Blork the orc
  3387 | D:4      | Reached XP level 7. HP: 49/61 MP: 6/6
  3514 | D:4      | Reached skill level 6 in Axes
  3737 | D:4      | Found a staircase to the Ecumenical Temple.
  3995 | D:5      | Entered Level 5 of the Dungeon
  3995 | D:5      | Found Qoop's Book Shoppe.
  4098 | D:5      | Noticed a yak
  4098 | D:5      | Noticed a yak
  4099 | D:5      | Noticed a yak
  4100 | D:5      | Noticed a yak
  4109 | D:5      | Killed a yak
  4115 | D:5      | Killed a yak
  4116 | D:5      | Reached skill level 7 in Axes
  4116 | D:5      | Reached skill level 5 in Armour
  4122 | D:5      | Killed a yak
  4122 | D:5      | Reached **** piety under Trog
  4123 | D:5      | Reached skill level 8 in Axes
  4123 | D:5      | Reached XP level 8. HP: 46/68 MP: 7/7
  4390 | D:5      | Reached skill level 9 in Axes
  4390 | D:5      | Reached skill level 5 in Shields
  4616 | D:5      | Noticed Grinder
  4625 | D:5      | Reached skill level 1 in Evocations
  4640 | D:5      | Killed Grinder
  4641 | D:5      | Reached skill level 10 in Axes
  4726 | D:5      | Reached XP level 9. HP: 73/74 MP: 8/8
  4804 | D:6      | Reached skill level 11 in Axes
  4946 | D:6      | Found Huhoczui's Specific Store.
  4950 | D:6      | Found Gulym's General Store.
  5243 | D:6      | Found a glowing silver altar of Zin.
  5446 | D:6      | Noticed a moth of wrath
  5449 | D:6      | Found a bloodstained altar of Trog.
  5556 | D:7      | Noticed a two-headed ogre
  5567 | D:7      | Killed a two-headed ogre
  5568 | D:7      | Reached skill level 13 in Axes
  5871 | D:7      | Found a shadowy altar of Dithmenos.
  6185 | D:7      | Found a runed translucent door.
  6187 | D:7      | Noticed a sixfirhy
  6216 | D:7      | Noticed a two-headed ogre
  6230 | D:7      | Killed a two-headed ogre
  6231 | D:7      | Reached skill level 14 in Axes
  6231 | D:7      | Reached XP level 10. HP: 22/83 MP: 9/9
  6539 | D:7      | Noticed a two-headed ogre
  6552 | D:7      | Killed a two-headed ogre
  7368 | D:8      | Found a hide-covered altar of Uskayaw.
  7781 | D:8      | Reached ***** piety under Trog
  8159 | D:9      | Identified the +8 chain mail "Meqahit" {+Blink Str+7}
  8328 | D:9      | Found a blossoming altar of Fedhas.
  8507 | D:9      | Reached skill level 15 in Axes
  8707 | D:9      | Noticed Gastronok
  8741 | D:9      | Killed Gastronok
  8742 | D:9      | Reached skill level 10 in Fighting
  8742 | D:9      | Reached XP level 11. HP: 60/101 MP: 10/10
  8896 | D:9      | Noticed Amaemon
  8909 | D:9      | Killed Amaemon
  9130 | D:10     | Entered Level 10 of the Dungeon
  9140 | D:10     | Found an ancient bone altar of Kikubaaqudgha.
  9242 | D:10     | Reached skill level 16 in Axes
  9296 | D:10     | Found a staircase to the Lair.
  9318 | D:10     | Noticed Maggie
  9334 | D:10     | Killed Maggie
  9637 | D:10     | Found an iron altar of Okawaru.
  9853 | D:11     | Noticed a two-headed ogre
  9895 | D:11     | Noticed Maurice
  9911 | D:11     | Killed Maurice
 10228 | D:10     | Paralysed by a hornet for 1 turns
 10339 | D:10     | Noticed a harpy
 10339 | D:10     | Noticed a centaur warrior
 10339 | D:10     | Noticed a stone giant
 10359 | D:10     | Reached skill level 5 in Throwing
 10369 | D:10     | Killed a harpy
 10502 | D:11     | Found Uklekua's Book Emporium.
 10603 | D:11     | Noticed Grum
 10612 | D:11     | Killed Grum
 10619 | D:11     | Reached skill level 17 in Axes
 10628 | D:11     | Killed a two-headed ogre
 10634 | D:11     | Noticed a boulder beetle
 10679 | D:11     | Killed a boulder beetle
 10680 | D:11     | Reached XP level 12. HP: 27/110 MP: 11/11
 10970 | D:11     | Reached skill level 5 in Evocations
 11000 | D:11     | Noticed Snorg
 11035 | D:11     | Killed Snorg
 11565 | D:10     | Killed a stone giant
 11566 | D:10     | Reached skill level 18 in Axes
 11702 | D:10     | Noticed a stone giant
 11747 | D:10     | Killed a stone giant
 11750 | D:10     | Killed a centaur warrior
 12010 | D:12     | Noticed Kirke
 12027 | D:11     | Killed Kirke
 12065 | D:12     | Noticed a boulder beetle
 12088 | D:12     | Killed a boulder beetle
 12216 | D:12     | Noticed Jorgrun
 12247 | D:12     | Killed Jorgrun
 12453 | D:12     | Found a staircase to the Orcish Mines.
 12548 | D:12     | Received a gift from Trog
 13246 | D:13     | Reached skill level 15 in Fighting
 13334 | D:13     | Noticed a boulder beetle
 13353 | D:13     | Killed a boulder beetle
 13354 | D:13     | Reached XP level 13. HP: 78/126 MP: 12/12
 13481 | D:13     | Noticed Josephine
 13506 | D:13     | Killed Josephine
 14109 | D:13     | Identified the ring of the Scarab {*Slow rPois rF+ rC++
                  | Dex+3}
 14852 | D:14     | Noticed Frances
 14862 | D:14     | Killed Frances
 14903 | D:14     | Noticed Nessos
 15030 | D:14     | Found a gate to the Vaults.
 15055 | D:13     | Reached skill level 5 in Dodging
 15092 | D:14     | Noticed Urug
 15112 | D:14     | Killed Urug
 15407 | D:14     | Received a gift from Trog
 16009 | D:14     | Killed Nessos
 16364 | D:14     | Reached XP level 14. HP: 115/140 MP: 13/13
 16694 | D:15     | Entered Level 15 of the Dungeon
 17060 | D:15     | Found Turint's Weapon Boutique.
 17605 | D:15     | Received a gift from Trog
 18051 | D:15     | Found Ocoifun's Armour Boutique.
 18610 | D:15     | Reached skill level 10 in Armour
 18617 | D:15     | Reached skill level 10 in Shields
 18683 | D:15     | Found a staircase to the Depths.
 18830 | Lair:1   | Entered Level 1 of the Lair of Beasts
 20240 | Lair:2   | Noticed Fannar
 20267 | Lair:2   | Killed Fannar
 20381 | Lair:2   | Found a hole to the Spider Nest.
 20655 | Orc:1    | Entered Level 1 of the Orcish Mines
 20926 | Orc:1    | Received a gift from Trog
 20942 | Orc:1    | Gained mutation: You are clumsy. (Dex -2) [a neqoxec]
 20955 | Orc:1    | Gained mutation: Your spells are a little easier to cast,
                  | but a little less powerful. [a neqoxec]
 21313 | Lair:3   | Found a staircase to the Swamp.
 21393 | Lair:3   | Reached XP level 15. HP: 81/147 MP: 14/14
 21569 | Lair:3   | Reached skill level 10 in Dodging
 21606 | Lair:3   | Identified the +7 chain mail of the Equator {rF+ Will+}
 22180 | Lair:4   | Found a viscous altar of Jiyva.
 22187 | Lair:4   | Found a staircase to the Slime Pits.
 22620 | Lair:5   | Entered Level 5 of the Lair of Beasts
 22650 | Lair:5   | Received a gift from Trog
 22821 | Lair:5   | Noticed Sonja
 22833 | Lair:5   | Killed Sonja
 23286 | Lair:5   | Reached skill level 19 in Axes
 23628 | Lair:5   | Received a gift from Trog
 24234 | Orc:2    | Entered Level 2 of the Orcish Mines
 24746 | Orc:2    | Reached ****** piety under Trog
 24752 | Orc:2    | Paralysed by an orc sorcerer for 4 turns
 24758 | Orc:2    | Slain by a sun demon

Illustrated notes

Levels and vault maps discovered:
D:1:      dpeg_arrival_radiant, layout_basic, minmay_door_square
D:2:      minmay_spotlight, layout_basic, serial_shops, shop,
          shapermc_ecumenical_altar_gd
D:3:      layout_basic, lemuel_tele_altar, lightli_sewer_entry_pipes,
          nrook_mini_vaults
D:4:      layout_loops_corners, temple_green, st_stairs_3, uniq_blork_the_orc
D:5:      layout_basic, nicolae_overflow_hidden_temple, serial_shops, shop,
          eino_curves_02, grunt_ministairs_12, uniq_grinder, uniq_menkaure
D:6:      layout_basic, tgw_trog, kennysheep_mini_moat, corexii_checkpoint_b,
          kennysheep_another_room, nicolae_specific_store,
          kennysheep_windowed_goal
D:7:      cheibrodos_shockbox, layout_loops_corners,
          grunt_dithmenos_smoke_and_mirrors, enter_bailey_3,
          nicolae_elevator_lobby_plus
D:8:      layout_basic, nicolae_uskayaw_dance_studio
D:9:      layout_roguey, mainiacjoe_overflow_catwalk, serial_corexii_hall,
          chequers_hall_statues_wall_a, chequers_hall_statues_y, uniq_amaemon,
          uniq_gastronok
D:10:     minmay_klotski, layout_rooms, general_overflow_altar,
          okawaru_gym_becter, minmay_lair_entry_grove, serial_glass,
          glass_columns_c, glass_columns_a, glass_columns_b,
          kennysheep_nondescript, uniq_maggie
D:11:     layout_roguey, serial_shops, nicolae_stop_n_shop_1, uniq_maurice,
          uniq_snorg, uniq_grum
D:12:     layout_basic, erik_orc_3, uniq_jorgrun, uniq_kirke
D:13:     layout_layer_cave, uniq_josephine
D:14:     cheibrodos_magma_flow, layout_basic, david_vaults_3, uniq_frances
D:15:     grunt_enter_depths_hoard, layout_gridville, minivault_19,
          serial_shops, nicolae_shop_hallway_stairs,
          nicolae_shop_window_shopping
Lair:1:   layout_cave_pods, infiniplex_staircase_pool, lemuel_fruit_tree,
          serial_bayou_shore_b, uniq_urug
Lair:2:   layout_big_grid, spider_nest_entry_web_field, grunt_megastairs_3,
          uniq_fannar
Lair:3:   layout_roguey, skrybe_swamp_entry_bodies, grunt_megastairs_4
Lair:4:   gammafunk_lair_enchanted_lake, layout_cave_pods,
          nicolae_slime_entry_field_trip, nicolae_lair_time_for_slime,
          infiniplex_staircase_pool_2
Lair:5:   minmay_lair_end_enchanted_forest, layout_regular_city, pond,
          serial_bayou_shore_b, uniq_sonja
Orc:1:    layout_caves, mines1_david
Orc:2:    grunt_orc_cross, layout_caves, basic_altar, nicolae_orc_stony_grotto,
          minmay_orc_treasury

Skill      XL: |  1  2  3  4  5  6  7  8  9 10 11 12 13 14 15 |
---------------+----------------------------------------------+-----
Fighting       | 4 5 6 10 11 15 17 18 | 18.0
Axes           | 4 5 8 10 14 15 17 18 19 | 19.9
Armour         | 3 4 5 7 10 11 | 11.0
Throwing       | 1 2 3 5 6 |  6.0
Dodging        | 3 4 6 9 10 | 10.0
Shields        | 1 2 4 5 7 10 11 | 11.0
Evocations     | 2 4 5 6 8 |  8.0

Action                     |  1- 3 |  4- 6 |  7- 9 | 10-12 | 13-15 || total
---------------------------+-------+-------+-------+-------+-------++-------
  Melee: Hand axe          |    97 |   162 |    61 |       |       ||   320
         Headbutt          |    17 |    16 |    51 |   191 |   261 ||   536
         Whip              |       |       |   178 |   746 |   743 ||  1667
         Broad axe         |       |       |       |       |   431 ||   431
 Invoke: Trog's Hand       |       |     1 |       |     2 |     3 ||     6
         Berserk           |       |       |       |     4 |     2 ||     6
    Use: Scroll            |       |       |       |    11 |    19 ||    30
         Potion            |       |       |       |       |     2 ||     2
   Stab: Distracted        |       |       |       |     1 |       ||     1
         Held in net/web   |       |       |       |       |     1 ||     1
 Armour: Ring mail         |    15 |       |       |       |       ||    15
         Animal skin       |     1 |       |       |       |       ||     1
         Plate armour      |    36 |    71 |    90 |    33 |       ||   230
         Chain mail        |       |       |       |   188 |   407 ||   595
  Dodge: Dodged            |    45 |    42 |    47 |   165 |   312 ||   611
  Block: Other             |    28 |     5 |       |       |       ||    33
         Buckler           |       |    64 |    85 |   229 |   412 ||   790
         Reflection        |       |     1 |     1 |    26 |    12 ||    40
